 Dungeon Crawl Stone Soup version 0.28-a0-691-gad6df49e81 (webtiles) character file.

Game seed: 1766316298117434745

51 ragingrage the Ruffian (level 3, -1/29 HPs)
             Began as a Demonspawn Chaos Knight on Oct 21, 2021.
             Was a Plaything of Xom.
             Slain by a quokka (3 damage)
             ... on level 2 of the Dungeon.
             The game lasted 00:01:52 (1432 turns).

ragingrage the Ruffian (Demonspawn Chaos Knight)    Turns: 1432, Time: 00:01:53

Health: -1/29      AC:  5    Str: 13    XL:     3   Next: 57%
Magic:  3/3        EV: 11    Int: 13    God:    Xom [.....*]
Gold:   0          SH:  0    Dex: 12    Spells: 2/2 levels left

rFire   . . .      SeeInvis .     - Unarmed
rCold   . . .      Faith    .   (no shield)
rNeg    . . .      Spirit   .   a - +2 leather armour
rPois   .          Reflect  .   (no helmet)
rElec   .          Harm     .   (no cloak)
rCorr   .          Rampage  .   (no gloves)
Will    .....                   (no boots)
Stlth   +.........              (no amulet)
HPRegen 0.09/turn               (no ring)
MPRegen 0.08/turn               (no ring)

@: no status effects
A: powered by pain 2
a: Renounce Religion


You were on level 2 of the Dungeon.
You worshipped Xom.
You were Xom's teddy bear.
You visited 1 branch of the dungeon, and saw 2 of its levels.

Inventory:

Armour
 a - a +2 leather armour (worn)
Scrolls
 c - a scroll of identify {unknown}
 d - a scroll of enchant weapon {unknown}
 f - a scroll of enchant armour {unknown}
 g - a scroll of noise {unknown}
Potions
 b - a potion of degeneration {unknown}
 e - a potion of brilliance {unknown}
 h - a potion of curing {unknown}


   Skills:
 - Level 3.0 Fighting
 - Level 1.7 Armour
 - Level 0.8 Dodging
 * Level 4.2 Unarmed Combat


You had 2 spell levels left.
You didn't know any spells.
Your spell library was empty.

Dungeon Overview and Level Annotations

Branches:
Dungeon (2/15)

Altars:

Shops:
D:1 (


Innate Abilities, Weirdness & Mutations

You sometimes gain power by taking damage.


Message History

Xom snickers.
Your scroll labelled VIMUXA ECIESUO briefly vibrates.
You are now Xom's teddy bear.
The quokka bites you. The worm bites you!
You are too injured to fight recklessly!
You are too injured to fight recklessly!
You are too injured to fight recklessly!
You are too injured to fight recklessly!
You are too injured to fight recklessly!
You are too injured to fight recklessly!
You are too injured to fight recklessly!
You are too injured to fight recklessly!
You are too injured to fight recklessly!
You are too injured to fight recklessly!
You are too injured to fight recklessly!
You are too injured to fight recklessly!
You are too injured to fight recklessly!
You are too injured to fight recklessly!
You are too injured to fight recklessly!
You barely miss the worm.
The worm is heavily wounded.
The quokka completely misses you. The worm bites you but does no damage.
You barely miss the worm.
The worm is heavily wounded.
The quokka bites you.
You hit the worm.
The worm is severely wounded.
Xom is getting BORED.
The quokka bites you. The worm bites you!
* * * LOW HITPOINT WARNING * * *
The quokka bites you but does no damage.
You hit the worm.
The worm is severely wounded.
The quokka closely misses you.
You hit the worm.
You kill the worm!
The quokka misses you.
You swing at nothing.
The quokka bites you.
You die... "This toy is broken."

#..#.##÷#### ##..(......#
#.>#.#.##.# ####.......#.#
####.##.........#
#...............#
.#########.##.#..#.......#
#.............#r..###.#######
#........w#<..#@..# #.......#
#.........#.###.###########.#
#.........#......†......# #.#
#.......r.##....#######.###.#
#.....)...##.#.....# #.....#
#.........##.......# #######
+..............#####
#..........#### #..........#


You could see a quokka.

Vanquished Creatures
  3 dart slugs (D:1)
  2 worms (D:2)
  6 ball pythons
  5 endoplasms (D:1)
  2 giant cockroaches (D:1)
  5 goblins (D:1)
  2 hobgoblins (D:1)
  4 kobolds
  4 frilled lizards (D:1)
  5 rats
38 creatures vanquished.

Notes
Turn   | Place    | Note
-------+----------+-------------------------------------------
     0 | D:1      | ragingrage the Demonspawn Chaos Knight began the quest for
                  | the Orb.
     0 | D:1      | Reached XP level 1. HP: 18/18 MP: 1/1
   137 | D:1      | Reached skill level 3 in Unarmed Combat
   153 | D:1      | Gained mutation: You sometimes gain a little power by
                  | taking damage. [demonic ancestry]
   153 | D:1      | Reached XP level 2. HP: 24/24 MP: 2/2
   304 | D:1      | XOM: 1-stop teleportation journey
   347 | D:1      | You fall into a shaft and drop 1 floor!
   422 | D:1      | XOM: noise
   536 | D:1      | Gained mutation: You sometimes gain power by taking damage.
                  | [demonic ancestry]
   536 | D:1      | Reached XP level 3. HP: 27/29 MP: 3/3
   636 | D:1      | Found Erruf's Weapon Boutique.
   659 | D:1      | Reached skill level 4 in Unarmed Combat
   767 | D:1      | XOM: silly message
   858 | D:1      | XOM: cloud trail
  1174 | D:2      | XOM: enchant monster (good)
  1426 | D:2      | XOM: silly message
  1432 | D:2      | Slain by a quokka

Illustrated notes

Levels and vault maps discovered:
D:1:      psy_arrival_statuary, layout_basic, serial_shops, nicolae_square_shop,
          serial_glass, glass_columns_a, glass_columns_c, item_on_display_a
D:2:      minmay_alternating_diamond, layout_basic,
          shapermc_ecumenical_altar_venn

Skill      XL: |  1  2  3 |
---------------+----------+-----
Unarmed Combat | 3 4 |  4.2
Fighting       | |  3.0
Armour         | |  1.7
Dodging        | |  0.8

Action                   || total
-------------------------++-------
Melee: Unarmed           ||   137
       Punch             ||     3
 Stab: Sleeping          ||     1
       Petrifying        ||     4
       Petrified         ||     4
Armor: Leather armour    ||    34
Dodge: Dodged            ||    73

Table legend: (Time is in decaauts)
 A = Elapsed time spent in this place.
 B = Non-inter-level travel time spent in this place.
 C = Inter-level travel time spent in this place.
 D = Time resting spent in this place.
 E = Time spent auto-exploring this place.
 F = Levels seen in this place.
 G = Mean time per level.
                   A        B        C        D        E       F      G
               +--------+--------+--------+--------+--------+-----+--------+
         Total |   1424 |   1393 |     31 |    361 |    723 |   2 |  712.0 |
       Dungeon |   1424 |   1393 |     31 |    361 |    723 |   2 |  712.0 |
               +--------+--------+--------+--------+--------+-----+--------+

Top non-repeatable levels by time:
     D:1: 1047 daAuts
     D:2: 376 daAuts
